 Dungeon Crawl Stone Soup version 0.25-a0-589-g1e14c54 (webtiles) character file.

Game seed: 12853451589573735208, levelgen mode: deterministic

224 Faels the Slasher (level 5, 0/41 HPs)
             Began as a Demonspawn Fighter on Mar 11, 2020.
             Killed by divine providence
             ... invoked by an orc priest
              (14 damage)
             ... on level 4 of the Dungeon.
             The game lasted 00:07:43 (3119 turns).

Faels the Slasher (Demonspawn Fighter)              Turns: 3119, Time: 00:07:44

Health: 0/41       AC: 16    Str: 17    XL:     5   Next: 67%
Magic:  0/5        EV:  5    Int:  9    God:
Gold:   144        SH:  8    Dex: 13    Spells: 4/4 levels left

rFire    . . .     SeeInvis .   a - +0 long sword
rCold    + . .     Gourm    .   c - +0 kite shield
rNeg     . . .     Faith    .   r - +0 chain mail (curse)
rPois    .         Spirit   +   (helmet restricted)
rElec    .         Reflect  .   (no cloak)
rCorr    .         Harm     .   (no gloves)
MR       .....                  s - +0 pair of boots
Stlth    ..........             (no amulet)
HPRegen  0.13/turn              (no ring)
MPRegen  0.09/turn              (no ring)

@: brilliant, sanguine armour
A: antennae 1, cold resistance 1, magic shield, sanguine armour 1
a: no special abilities


You were on level 4 of the Dungeon.
You were hungry.

You visited 1 branch of the dungeon, and saw 4 of its levels.

You collected 144 gold pieces.

Inventory:

Hand Weapons
 a - a +0 long sword (weapon)
Missiles
 o - 3 atropa-tipped darts (quivered)
Armour
 b - a +0 scale mail
 c - a +0 kite shield (worn)
 e - a +2 helmet
 r - a cursed +0 chain mail (worn)
 s - a +0 pair of boots (worn)
Scrolls
 g - 3 scrolls of teleportation
 i - 2 scrolls of remove curse {unknown}
 j - a scroll of enchant armour {unknown}
 k - 2 scrolls of identify {unknown}
 l - a scroll of immolation {unknown}
 p - a scroll of enchant weapon {unknown}
 q - a scroll of fog {unknown}
Potions
 d - a potion of flight {unknown}
 m - a potion of brilliance
 n - a potion of lignification {unknown}
Comestibles
 f - 7 rations


   Skills:
 - Level 3.0 Fighting
 * Level 5.0 Long Blades
 - Level 2.6 Armour
 + Level 1.8 Dodging
 - Level 2.6 Shields


You had 4 spell levels left.
You didn't know any spells.
Your spell library was empty.

Dungeon Overview and Level Annotations

Branches:
Dungeon (4/15)
 Temple: D:4-7

Altars:


Innate Abilities, Weirdness & Mutations

You have a pair of small antennae on your head.
Your flesh is cold resistant. (rC+)
When hurt, damage is shared between your health and your magic reserves.
When seriously injured, your bleeding wounds create armour. (AC +6)


Message History

The orc hits you but does no damage.
The orc wizard hits you but does no damage.
The orc priest hits you but does no damage.
It was a potion of brilliance.
You feel clever all of a sudden.
The orc wizard points at you and mumbles some strange words.
The puff of flame hits you but does no damage.
You block the orc's attack.
You hit the orc priest.
The orc priest is moderately wounded.
The orc wizard casts a spell at you. The magic dart hits you.
The orc priest barely misses you.
The orc hits you with a cursed -2 hand axe.
The orc wizard hits you but does no damage.
You hit the orc priest.
The orc priest is severely wounded.
The orc wizard hits you with a +0 dagger.
The orc priest mumbles some strange prayers to Beogh against you.
Beogh smites you!
You die...

#################
#...............# ...
#.##......#####.###...
###.##.####.####o........
##..............@o.........
...............##o.........
####.##.#.##...##.........
#.##.#.##.............. .
#.####.##...##......#. o.
########.##...##......# ....
#......)......##).....#......
#.#########...##.............
#...#.o...###......


You could see an orc priest, an orc wizard and an orc.

Vanquished Creatures
  A hound (D:4)
  2 orc priests
  A worker ant (D:4)
  4 adders
  A worm (D:4)
  A dart slug (D:1)
  A leopard gecko (D:3)
  11 orcs
  6 hobgoblins
  9 jackals
  A quokka (D:4)
  9 bats
  6 goblins
  5 kobolds
  5 rats
63 creatures vanquished.

Notes
Turn   | Place    | Note
-------+----------+-------------------------------------------
     0 | D:1      | Faels the Demonspawn Fighter began the quest for the Orb.
     0 | D:1      | Reached XP level 1. HP: 18/18 MP: 1/1
    70 | D:1      | Reached skill level 2 in Long Blades
   108 | D:1      | Gained mutation: Your flesh is cold resistant. (rC+)
                  | [demonic ancestry]
   108 | D:1      | Reached XP level 2. HP: 4/24 MP: 2/2
   793 | D:2      | Reached skill level 3 in Long Blades
   887 | D:2      | Gained mutation: When seriously injured, your bleeding
                  | wounds create armour. (AC +6) [demonic ancestry]
   887 | D:2      | Reached XP level 3. HP: 27/29 MP: 3/3
  1769 | D:3      | Gained mutation: When hurt, damage is shared between your
                  | health and your magic reserves. [demonic ancestry]
  1769 | D:3      | Reached XP level 4. HP: 32/35 MP: 4/4
  1896 | D:3      | Reached skill level 4 in Long Blades
  1901 | D:3      | Reached skill level 1 in Dodging
  2703 | D:4      | Gained mutation: You have a pair of small antennae on your
                  | head. [demonic ancestry]
  2703 | D:4      | Reached XP level 5. HP: 33/41 MP: 5/5
  2839 | D:4      | HP: 2/41 [orc priest/+0 mace (5)]
  2851 | D:4      | Reached skill level 5 in Long Blades
  3119 | D:4      | Killed from afar by an orc priest

Levels and vault maps discovered:
D:1:      sevenhm_arrival_forest_fort_large_4, layout_rooms
D:2:      layout_rooms, fountainhead
D:3:      layout_basic, first_ration
D:4:      layout_basic, uniq_eustachio

Skill      XL: |  1  2  3  4  5 |
---------------+----------------+-----
Long Blades    | 2 3 4 5 |  5.0
Dodging        | 1 |  1.8
Fighting       | |  3.0
Armour         | |  2.6
Shields        | |  2.6

Action                   |  1- 3 |  4- 6 || total
-------------------------+-------+-------++-------
Melee: Long sword        |   138 |   124 ||   262
  Use: Potion            |     2 |     2 ||     4
       Scroll            |       |     1 ||     1
  Eat: Chunk             |     3 |     4 ||     7
Armor: Scale mail        |   128 |    15 ||   143
       Chain mail        |       |    58 ||    58
Dodge: Dodged            |    45 |    39 ||    84
Block: Kite shield       |    94 |    56 ||   150
       Rpst.: Long sword |    10 |    12 ||    22

Table legend:
 A = Non-vault XP
 B = Vault XP
 C = Vault XP percentage of total XP
 D = Non-vault monster count
 E = Vault monster count
 F = Vault count percentage of total count
                 A         B        C        D         E       F
            +---------+---------+-------+---------+---------+-------
      Total |     321 |       0 |   0.0 |      63 |       0 |   0.0
            +---------+---------+-------+---------+---------+-------
        D:1 |      19 |       0 |   0.0 |      11 |       0 |   0.0
        D:2 |      58 |       0 |   0.0 |      21 |       0 |   0.0
        D:3 |      98 |       0 |   0.0 |      19 |       0 |   0.0
        D:4 |     146 |       0 |   0.0 |      12 |       0 |   0.0
            +---------+---------+-------+---------+---------+-------
